AoeStats
← Random

Nomad

505140757Analyzed
4v4 RM · 25d ago on Sep 8, 2026· 30m 49s· 8 players
Game mode
Random Map
Map size
231×231
Population
200
Speed
Normal
Resources
Standard
Victory
Conquest
Starting age
Dark Age
Ending age
Imperial Age
RankedLock teamsTeams togetherTeam positionsShared explorationLock speedFull tech treeHidden civsTurbo modeCheats
Victory
Defeat
🇻🇳 Bulgarians · Vietnam
1727
+9
🇺🇸 Armenians · United States
1624
+12
🇭🇰 Burgundians · Hong Kong SAR China
1612
+13
🇨🇳 Vietnamese · China
1578
+14
🇨🇿 Aztecs · Czechia
1677
-16
🇨🇿 Vietnamese · Czechia
1648
-16
🇮🇹 Malians · Italy
1464
-9
🇺🇸 Italians · United States
1396
-7
Random
12:59 Feudal Age
14:45 Fletching
19:53 Castle Age
20:52 Medium Warships
21:22 Bodkin Arrow
21:13 Double-Bit Axe
21:09 Horse Collar
22:10 Fishing Lines
22:40 Heavy Plow
22:50 Bow Saw
23:34 Gillnets
24:46 Wheelbarrow
24:12 Heavy Plow
26:27 Forging
26:27 Loom
26:31 Light Cavalry
27:12 Husbandry
27:49 Iron Casting
30:34 Scale Barding Armor
Sean
4:51 Loom
12:12 Double-Bit Axe
15:09 Feudal Age
16:40 Bow Saw
18:49 Castle Age
20:41 Two-Man Saw
19:56 Horse Collar
28:53 Stone Mining
Ngoam_____
4:52 Loom
14:28 Feudal Age
18:53 Castle Age
18:43 Town Watch
19:45 Medium Warships
28:00 Fletching
27:56 Double-Bit Axe
27:52 Horse Collar
执者如旗
5:07 Loom
15:58 Feudal Age
21:29 Castle Age
20:07 Gold Mining
21:27 Double-Bit Axe
22:08 Scale Barding Armor
23:34 Chain Barding Armor
29:05 Wheelbarrow
Bider
9:40 Loom
12:36 Feudal Age
16:15 Castle Age
18:13 Forging
18:48 Arson
19:01 Horse Collar
19:22 Town Watch
21:08 Squires
Čiko
4:59 Loom
13:38 Feudal Age
14:39 Town Watch
17:48 Castle Age
16:57 Fishing Lines
20:03 Double-Bit Axe
22:26 Gold Mining
25:58 Redemption
Noxx
6:54 Loom
14:17 Feudal Age
14:48 Double-Bit Axe
15:11 Fishing Lines
20:37 Castle Age
20:00 Forging
20:46 Wheelbarrow
21:41 Medium Warships
22:09 Iron Casting
Eizenh3im
5:05 Loom
14:59 Feudal Age
15:42 Double-Bit Axe
15:42 Fishing Lines
15:51 Town Watch
21:40 Castle Age
20:35 Stone Mining
21:13 Fletching
22:52 Bow Saw
22:31 Horse Collar
27:51 Bodkin Arrow
29:39 Padded Archer Armor
Connection lost

Rejoining the realm…

Still unreachable

The connection could not be restored.

Session expired

The server has moved on; the page needs a fresh start.